 Dungeon Crawl Stone Soup version 0.14.1-23-g35e4e54 (webtiles) character file.

314 cyka44 the Shooter (level 5, 0/44 HPs)
             Began as a Naga Hunter on June 13, 2014.
             Slain by an orc
             ... wielding a +0,+0 club
              (5 damage)
             ... on Level 4 of the Dungeon.
             The game lasted 00:32:34 (3603 turns).

cyka44 the Shooter (Naga Hunter)                    Turns: 3603, Time: 00:32:34

HP   0/44        AC  6     Str 15      XL: 5   Next: 61%
MP   5/5         EV  6     Int 12      God:
Gold 133         SH  0     Dex 11      Spells:  0 memorised,  4 levels left

rFire  . . .     SeeInvis +     b - +2,+1 bow
rCold  . . .     Clarity  .     Q - +1 scale mail
rNeg   . . .     Conserve .     (no shield)
rPois  +         rCorr    .     (no helmet)
rElec  .         rRot     .     g - +0 cloak
SustAb . .       Spirit   .     (no gloves)
rMut   .         Warding  .     (no barding)
Saprov . . .     Stasis   .     (no amulet)
MR     .....                    (no ring)
                                (no ring)

@: very slow, not resistant to hostile enchantments, unstealthy
A: spit poison, see invisible, deformed body, poison resistance, slowness 2, AC
+1
a: Spit Poison


You were on level 4 of the Dungeon.
You were not hungry.

You visited 1 branch of the dungeon, and saw 4 of its levels.

You collected 133 gold pieces.

Inventory:

Hand weapons
 a - a +0,+0 short sword
 b - a +2,+1 bow (weapon)
 h - a +1,+2 short sword of protection
 m - a +0,+0 mace
 w - a +0,+0 dagger
 D - a +0,+0 whip
 E - a +0,+0 crossbow
 F - a +0,+0 short sword
 J - a +0,+0 sling
 M - a +0,+0 dagger
 N - a +2,+1 sling of flame
 T - a cursed -1,-2 whip
 U - a +0,+0 dagger
Missiles
 c - 39 arrows (quivered)
 C - 9 poisoned needles
 O - 13 stones
 W - 60 bolts
Armour
 d - a +0 leather armour
 e - a +0 ring mail
 g - a +0 cloak (worn)
 o - a +2 robe
 u - a +0 robe
 K - a +0 chain mail
 P - a +0 ring mail
 Q - a +1 scale mail (worn)
Comestibles
 f - 2 bread rations
 i - 2 meat rations
 r - a pear
 z - an apple
 A - a rotting chunk of bat flesh
 H - 14 sultanas
 V - a chunk of worker ant flesh
Scrolls
 n - a scroll of enchant armour
 s - a scroll of fog {unknown}
 x - a scroll of random uselessness {unknown}
 y - a scroll of enchant weapon I
 B - a scroll of identify {unknown}
 R - a scroll of magic mapping
Jewellery
 k - an uncursed amulet of guardian spirit {unknown}
Potions
 j - 3 potions of heal wounds {unknown}
 q - a potion of restore abilities {unknown}
 v - a potion of beneficial mutation {unknown}
 G - a potion of mutation {unknown}
 I - a potion of paralysis {unknown}
Books
 L - a book of Conjurations

   Spells                             Type                      Level
   Magic Dart                         Conjuration                  1
   Searing Ray                        Conjuration                  2
   Dazzling Spray                     Conjuration/Hexes            3
   Fulminant Prism                    Conjuration/Hexes            4
   Iskenderun's Mystic Blast          Conjuration                  4
   Iskenderun's Battlesphere          Conjuration/Charms           5
Miscellaneous
 l - a plain deck of dungeons


   Skills:
 - Level 1.0 Fighting
 * Level 5.3 Bows
 - Level 1.5 Dodging
 + Level 4.9 Stealth


You had 4 spell levels left.
You didn't know any spells.

Dungeon Overview and Level Annotations

Branches:
Dungeon (4/15)
 Temple: D:4-7

Altars:
Elyvilon
Nemelex Xobeh

Shops:
D:4 **

Annotations:
D:4 Blork the orc


Innate Abilities, Weirdness & Mutations

You cannot wear boots.
You can spit poison.
Your serpentine skin is tough (AC +1).
You have supernaturally acute eyesight.
Armour fits poorly on your strangely shaped body.
Your system is resistant to poisons.
You cover ground very slowly.


Message History

The orc barely misses you.
Firing (i - inventory. (,) - cycle):
c - 42 arrows (quivered)
Press: ? - help, Shift-Dir - straight line, f/p - orc wizard
Aim: an orc wizard, wielding a glowing dagger and wearing a robe (severely wounded, moving very quickly)
You shoot an arrow. The arrow hits the orc wizard.
You kill the orc wizard!
Firing (i - inventory. (,) - cycle):
c - 41 arrows (quivered)
Press: ? - help, Shift-Dir - straight line, f - orc
Aim: an orc, wielding a club and wearing a scale mail You shoot an arrow.
The arrow hits the orc.
The orc is heavily wounded.
The orc hits you with a club.
* * * LOW HITPOINT WARNING * * *
Firing (i - inventory. (,) - cycle):
c - 40 arrows (quivered)
Press: ? - help, Shift-Dir - straight line, f/p - orc
Aim: an orc, wielding a club and wearing a scale mail (heavily wounded)
You shoot an arrow. The arrow misses the orc.
You have got your breath back.
The orc hits you with a club.
You die...

###..#######......### #.## #..##
#......# #.* #.## #......# #.*
#.* ##.##### #.* #.* #..* #.*
*#+*** ####.### *.* ,,,,,*
#......# *,* ,,,,,* ###......#
**##(****** ,,,,,* *#.......@#
*###.oo(,,,,,,
,,,,,**,.)#....o)###........,,,,,
,,,,,+,,**#.....(..(o#*,,,,,,,,,,
,,,,,*** #......#####*,,,,,,,,,,
****** #......# *******,***
,,,,,** #(.....# *** ****,,**
#####.## #### * ,,* ###.# #..#
***** ,** #...# ##########..###


You could see an orc.

Vanquished Creatures
  An orc wizard (D:4)
  A worker ant (D:4)
  3 adders
  2 giant mites
  A worm (D:2)
  6 orcs
  4 hobgoblins
  14 jackals
  An ooze (D:3)
  2 quokkas
  8 bats
  2 giant cockroaches (D:3)
  4 giant geckos
  3 giant newts
  6 goblins
  A hobgoblin skeleton (D:4)
  4 kobolds
  10 rats
73 creatures vanquished.

Notes
Turn   | Place    | Note
--------------------------------------------------------------
     0 | D:1      | cyka44, the Naga Hunter, began the quest for the Orb.
     0 | D:1      | Reached XP level 1. HP: 18/18 MP: 1/1
   333 | D:1      | Reached XP level 2. HP: 23/25 MP: 2/2
   359 | D:1      | Reached skill level 4 in Bows
   376 | D:1      | Found a sparkling altar of Nemelex Xobeh.
  1162 | D:1      | Reached XP level 3. HP: 29/31 MP: 3/3
  2150 | D:3      | Reached XP level 4. HP: 36/38 MP: 4/4
  2491 | D:3      | Found a white marble altar of Elyvilon.
  2891 | D:3      | Reached skill level 5 in Bows
  3103 | D:4      | Found Luahub's General Store.
  3394 | D:4      | Reached XP level 5. HP: 44/44 MP: 5/5
  3395 | D:4      | Found Qasyum's General Store.
  3582 | D:4      | Noticed Blork the orc
  3603 | D:4      | Slain by an orc

Action                   |  1- 3 |  4- 6 || total
-------------------------+-------+-------++-------
Melee: Bow               |     1 |       ||     1
       Short sword       |     6 |       ||     6
 Fire: Bow               |   106 |    75 ||   181
 Abil: Spit Poison       |     4 |     8 ||    12
  Use: Scroll            |     1 |     5 ||     6
       Potion            |       |     2 ||     2
